 Dungeon Crawl Stone Soup version 0.27-a0-279-gdfb9265905 (webtiles) character file.

Game seed: 5765610256314108803

19019 mobtown the Black Sun (level 12, -3/66 HPs)
             Began as a Deep Elf Necromancer on Feb 6, 2021.
             Was a High Priest of Kikubaaqudgha.
             Slain by Snorg (10 damage)
             ... on level 1 of the Orcish Mines on Feb 7, 2021.
             The game lasted 01:18:56 (12007 turns).

mobtown the Black Sun (Deep Elf Necromancer)       Turns: 12007, Time: 01:18:57

Health: -3/66      AC: 11    Str: 13    XL:     12   Next: 32%
Magic:  15/28      EV: 18    Int: 26    God:    Kikubaaqudgha [*****.]
Gold:   913        SH:  0    Dex: 18    Spells: 8/32 levels left

rFire    . . .     SeeInvis .   s - +7 dagger (venom)
rCold    . . .     Faith    .   (no shield)
rNeg     . . .     Spirit   .   i - +0 troll leather armour {Purgy}
rPois    +         Reflect  .   r - +2 helmet of Cowardice {Dex+3}
rElec    .         Harm     .   D - +1 cloak
rCorr    .         Rampage  .   w - +0 pair of gloves
Will     +....                  (no boots)
Stlth    ++++......             f - amulet of regeneration
HPRegen  1.01/turn              k - +6 ring of strength
MPRegen  0.21/turn              g - ring of poison resistance

@: hasted, very quick
A: strong 1, MP-powered wands
a: Renounce Religion, Receive Corpses, Torment


You were on level 1 of the Orcish Mines.
You worshipped Kikubaaqudgha.
Kikubaaqudgha was extremely pleased with you.
You visited 2 branches of the dungeon, and saw 12 of its levels.
You visited the Abyss 1 time.
You also visited: Sewer.

You collected 913 gold pieces.

Inventory:

Hand Weapons
 s - a +7 dagger of venom (weapon)
Missiles
 a - 137 arrows
 b - 461 stones
Armour
 i - a +0 troll leather armour (worn) {Purgy}
 q - a +2 animal skin
 r - the +2 helmet of Cowardice (worn) {Dex+3}
   (You took it off Robin on level 2 of the Dungeon)

   It affects your dexterity (+3).
 t - a +2 robe of resistance
 w - a +0 pair of gloves (worn)
 D - a +1 cloak (worn)
 R - a +1 robe of cold resistance
Magical Staves
 A - an uncursed staff of earth
 O - an uncursed staff of cold
Jewellery
 d - an uncursed amulet of guardian spirit
 f - an amulet of regeneration (around neck)
 g - a ring of poison resistance (right hand)
 k - a +6 ring of strength (left hand)
 l - an uncursed amulet of the acrobat
 L - an uncursed ring of fire
 Q - an uncursed ring of ice
Wands
 o - a wand of polymorph (11)
 G - a wand of flame (19)
 I - a wand of mindburst (9)
 K - a wand of charming (8)
Scrolls
 e - 3 scrolls of fear
 j - 4 scrolls of fog
 m - 2 scrolls of teleportation
 y - 4 scrolls of remove curse
 z - a scroll of brand weapon {unknown}
 B - a scroll of magic mapping
 F - a scroll of summoning {unknown}
 J - 4 scrolls of amnesia
 P - a scroll of immolation {unknown}
 S - a scroll of noise {unknown}
Potions
 c - 9 potions of ambrosia
 h - 3 potions of invisibility
 n - 2 potions of heal wounds
 p - 3 potions of curing
 u - 2 potions of flight
 v - a potion of lignification {unknown}
 x - a potion of haste
 C - 3 potions of brilliance {unknown}
 E - 2 potions of magic
 H - a potion of mutation
 N - 2 potions of berserk rage


   Skills:
 + Level 4.2 Fighting
 + Level 7.9 Short Blades
 + Level 4.2 Armour
 + Level 8.2 Dodging
 + Level 7.3 Stealth
 + Level 10.9 Spellcasting
 * Level 8.5 Conjurations
 * Level 12.7 Necromancy
 + Level 1.6 Evocations


You had 8 spell levels left.
You knew the following spells:

 Your Spells              Type           Power        Failure   Level
a - Pain                  Necr           100%         1%          1
b - Animate Skeleton      Necr           100%         1%          1
c - Vampiric Draining     Necr           34%          1%          3
d - Animate Dead          Necr           34%          1%          4
e - Magic Dart            Conj           100%         1%          1
f - Dispel Undead         Necr           69%          1%          4
g - Death Channel         Necr           34%          4%          6
h - Fulminant Prism       Conj/Hex       18%          9%          4

Your spell library contained the following spells:

 Spells                   Type           Power        Failure   Level
 Corpse Rot               Necr/Air       N/A          1%          2
 Searing Ray              Conj           100%         1%          2
 Sublimation of Blood     Necr           34%          1%          2
 Agony                    Necr           69%          1%          5
 Excruciating Wounds      Necr           34%          1%          5
 Dazzling Flash           Conj/Hex       72%          2%          3
 Iskenderun's Mystic Bla  Conj/Tloc      36%          9%          4


Dungeon Overview and Level Annotations

Branches:
Dungeon (10/15)            Temple (0/1) D:5             Orc (2/2) D:10
    Elf (0/3) Orc:2         Sewer (visited)
   Lair: D:8-11

Altars:
Ashenzari
Dithmenos
Fedhas
Gozag
Kikubaaqudgha
Okawaru
Qazlal
Ru
Trog
Xom
Yredelemnul
Zin
Beogh

Shops:
D:6 :   Orc:2 [

Annotations:
D:4 3 runed translucent doors, mobtown's ghost, amateur DENe
Orc:1 Snorg


Innate Abilities, Weirdness & Mutations

Your muscles are strong. (Str +2)
You expend magic power (3 MP) to strengthen your wands.


Message History

Snorg claws you. Snorg completely misses you. The orc sorcerer misses you.
Casting: Vampiric Draining (safe; 1% risk of failure)
Confirm with . or Enter, or press ? or * to list all spells.
Aiming: Vampiric Draining (safe; 1% risk of failure)
Press: ? - help, Shift-Dir - straight line, f/p - orc sorcerer
Aim: an orc sorcerer, wielding a +0 dagger and wearing a cursed +0 robe (almost dead)
You kill the orc sorcerer!
Kikubaaqudgha accepts your kill.
You feel life coursing into your body. Snorg closely misses you.
Snorg claws you but does no damage. Snorg closely misses you. Snorg bites you!!
* * * LOW HITPOINT WARNING * * *
Snorg claws you but does no damage. Snorg completely misses you.
Okay, then.
You feel much better. Snorg misses you. Snorg claws you!
Snorg completely misses you.
You feel yourself speed up. Snorg barely misses you. Snorg claws you!
* * * LOW HITPOINT WARNING * * *
Snorg claws you!
You die...
Kikubaaqudgha rasps: "You have failed me!
Welcome... death!"

##...........##....##
#.................###
###................#.##
##.....#...........#...#
#.......##........##...####
#.................###.###.##
####.............#.......#...##
##.#####.#.....).#.........#...#
#.....#####.#...@T......#.#...##
.......#####...[.[........#...###
...#..###.......................#
..#####.....................#....
...###.......#..................#
...##.........##.#.......#....###
...##........##..............##
.............#..............##
...................#.......#.##


You could see Snorg (berserk, very poisoned).

Vanquished Creatures
  An orc warlord (D:10)
  Erolcha (D:10)
  Fannar (D:10)
  Harold (D:7)
  A hydra (D:8)
  3 two-headed ogres
  Erica (Orc:1)
  Urug (Orc:1)
  An unseen horror (D:10)
  Pikel (D:7)
  3 orc sorcerers (Orc:1)
  A cyclops (D:8)
  A smoke demon (Abyss:1)
  Maggie (D:8)
  A troll (D:10)
  A queen bee (D:10)
  10 yaks (D:9)
  Grum (D:8)
  Eustachio (D:4)
  A warg (D:10)
  A water moccasin (D:8)
  An ice beast (D:8)
  Purgy (Sewer)
  4 sky beasts
  16 orc warriors
  6 ogres
  2 wolves (D:8)
  2 phantoms
  6 centaurs
  A lemure (D:7)
  4 big kobolds
  7 bullfrogs
  A wyvern zombie (D:10)
  A scorpion (D:9)
  A wyvern skeleton (D:4)
  18 killer bees
  3 howler monkeys
  A bullfrog zombie (D:6)
  4 hounds
  A centaur zombie (D:3)
  2 jellies (D:3)
  10 orc priests
  2 centaur skeletons
  Crazy Yiuf (D:7)
  A bullfrog skeleton (D:6)
  An iron imp (Abyss:1)
  Jessica (D:2)
  An iguana (D:9)
  6 worker ants
  6 orc wizards
  A hound skeleton (D:7)
  Robin (D:2)
  A howler monkey skeleton (D:5)
  4 gnolls (D:4)
  9 adders
  4 shadow imps
  2 white imps (D:8)
  3 ufetubi
  7 oozes
  An adder zombie (D:10)
  4 adder skeletons
  3 worms
  4 dart slugs
  4 leopard geckos
  67 orcs
  5 ball pythons
  14 giant cockroaches
  5 hobgoblins
  15 jackals
  34 kobolds
  6 quokkas
  4 bats
  3 frilled lizards
  20 goblins
  A jackal skeleton (D:5)
  11 rats
378 creatures vanquished.

Vanquished Creatures (others)
  4 fungi (D:3)
  10 toadstools (D:3)
14 creatures vanquished.

Grand Total: 392 creatures vanquished

Notes
Turn   | Place    | Note
-------+----------+-------------------------------------------
     0 | D:1      | mobtown the Deep Elf Necromancer began the quest for the
                  | Orb.
     0 | D:1      | Reached XP level 1. HP: 10/10 MP: 6/6
     0 | D:1      | Upgraded the game from 0.27-a0-277-g024f7ef292 to
                  | 0.27-a0-279-gdfb9265905
    40 | D:1      | Reached skill level 5 in Necromancy
   404 | D:1      | Reached XP level 2. HP: 9/15 MP: 2/8
  1330 | D:2      | Reached XP level 3. HP: 17/19 MP: 7/10
  1332 | D:2      | Learned a level 1 spell: Animate Skeleton
  1336 | D:2      | Learned a level 3 spell: Vampiric Draining
  1588 | D:2      | Identified the +2 helmet of Cowardice {Dex+3}
  1588 | D:2      | Noticed Robin
  1707 | D:2      | Killed Robin
  1708 | D:2      | Reached skill level 6 in Necromancy
  1708 | D:2      | Reached XP level 4. HP: 16/24 MP: 6/12
  1788 | D:2      | Found a sacrificial altar of Ru.
  1865 | D:2      | Noticed Jessica
  1876 | D:2      | Killed Jessica
  2357 | D:3      | Reached XP level 5. HP: 26/28 MP: 11/14
  2470 | D:3      | Reached skill level 5 in Spellcasting
  2804 | D:3      | Found a glowing silver altar of Zin.
  2928 | D:3      | Learned a level 4 spell: Animate Dead
  2930 | D:3      | Learned a level 1 spell: Magic Dart
  2999 | D:3      | Reached skill level 1 in Short Blades
  3085 | D:3      | Reached skill level 7 in Necromancy
  3085 | D:3      | Reached XP level 6. HP: 21/32 MP: 16/16
  3339 | D:3      | Found an ancient bone altar of Kikubaaqudgha.
  3347 | D:3      | Became a worshipper of Kikubaaqudgha
  3533 | D:4      | Found a glowing drain.
  3548 | Sewer    | Entered a sewer
  3573 | Sewer    | Noticed Purgy
  3584 | Sewer    | Killed Purgy
  3585 | Sewer    | Reached skill level 1 in Conjurations
  3804 | D:4      | Reached * piety under Kikubaaqudgha
  3804 | D:4      | Identified Kikubaaqudgha's Reference Book on Darkness
                  | (Kikubaaqudgha gifted it to you on level 4 of the Dungeon)
  3804 | D:4      | Received a gift from Kikubaaqudgha
  3810 | D:4      | Noticed mobtown's ghost (amateur DENe)
  3810 | D:4      | Noticed a sky beast
  3811 | D:4      | Found a runed translucent gate.
  3812 | D:4      | Found a runed translucent gate.
  3812 | D:4      | Found a runed translucent gate.
  3830 | D:4      | Reached XP level 7. HP: 37/37 MP: 18/18
  3875 | D:4      | Gained mutation: You are strong-willed. (Will+) [potion of
                  | mutation]
  3875 | D:4      | Gained mutation: Your mind is acute. (Int +2) [potion of
                  | mutation]
  3876 | D:4      | Lost mutation: You are strong-willed. (Will+) [potion of
                  | mutation]
  3876 | D:4      | Lost mutation: Your mind is acute. (Int +2) [potion of
                  | mutation]
  3876 | D:4      | Gained mutation: Scrolls take you a little longer to read.
                  | [potion of mutation]
  3876 | D:4      | Gained mutation: Your muscles are strong. (Str +2) [potion
                  | of mutation]
  3877 | D:4      | Lost mutation: Scrolls take you a little longer to read.
                  | [potion of mutation]
  3877 | D:4      | Lost mutation: Your muscles are strong. (Str +2) [potion of
                  | mutation]
  3877 | D:4      | Gained mutation: Your muscles are strong. (Str +2) [potion
                  | of mutation]
  3877 | D:4      | Gained mutation: You expend magic power (3 MP) to
                  | strengthen your wands. [potion of mutation]
  3980 | D:4      | Reached skill level 1 in Fighting
  4084 | D:4      | Noticed Eustachio
  4098 | D:4      | Killed Eustachio
  4187 | D:4      | Found a basalt altar of Yredelemnul.
  4206 | D:4      | Found a stormy altar of Qazlal.
  4471 | D:5      | Entered Level 5 of the Dungeon
  4505 | D:5      | Reached skill level 1 in Armour
  4508 | D:5      | Reached XP level 8. HP: 37/43 MP: 19/19
  4620 | D:5      | Found a staircase to the Ecumenical Temple.
  4817 | D:5      | Reached skill level 8 in Necromancy
  5534 | D:6      | Found a bloodstained altar of Trog.
  5537 | D:6      | Reached ** piety under Kikubaaqudgha
  5553 | D:6      | Found an opulent altar of Gozag.
  5656 | D:6      | Found Sakk's Book Boutique.
  5716 | D:6      | Found an iron altar of Okawaru.
  5934 | D:6      | Found a shimmering altar of Xom.
  6165 | D:7      | Found a broken altar of Ashenzari.
  6169 | D:7      | Reached XP level 9. HP: 48/48 MP: 21/21
  6275 | D:7      | Found a runed translucent door.
  6276 | D:7      | Noticed Crazy Yiuf
  6292 | D:7      | Killed Crazy Yiuf
  6487 | D:7      | Noticed Harold
  6498 | D:7      | Killed Harold
  6499 | D:7      | Reached skill level 5 in Dodging
  6499 | D:7      | Reached skill level 5 in Stealth
  6499 | D:7      | Reached skill level 5 in Conjurations
  6499 | D:7      | Reached skill level 9 in Necromancy
  6691 | D:7      | Noticed Pikel
  6718 | D:7      | Killed Pikel
  6719 | D:7      | Reached skill level 5 in Short Blades
  7114 | D:8      | Noticed a two-headed ogre
  7236 | D:8      | Noticed Maggie
  7254 | D:8      | Killed Maggie
  7255 | D:8      | Reached XP level 10. HP: 54/54 MP: 8/23
  7522 | D:8      | Noticed a cyclops
  7535 | D:8      | Killed a cyclops
  7601 | D:8      | Reached *** piety under Kikubaaqudgha
  7601 | D:8      | Identified Kikubaaqudgha's Incunabulum of Black Secrets
                  | (Kikubaaqudgha gifted it to you on level 8 of the Dungeon)
  7601 | D:8      | Received a gift from Kikubaaqudgha
  7626 | D:8      | Learned a level 4 spell: Dispel Undead
  7632 | D:8      | Noticed a six-headed hydra
  7633 | D:8      | Learned a level 6 spell: Death Channel
  7643 | D:8      | Killed a six-headed hydra
  7644 | D:8      | Reached skill level 10 in Necromancy
  8140 | D:8      | Noticed Grum
  8155 | D:8      | Killed Grum
  8525 | D:8      | Killed a two-headed ogre
  8526 | D:8      | Reached skill level 1 in Evocations
  9056 | D:9      | Reached XP level 11. HP: 44/60 MP: 22/26
  9071 | D:9      | Reached skill level 11 in Necromancy
  9199 | D:9      | Found a blossoming altar of Fedhas.
  9458 | D:9      | Found a roughly hewn altar of Beogh.
  9482 | D:9      | Reached **** piety under Kikubaaqudgha
  9593 | D:9      | Found a shadowy altar of Dithmenos.
  9699 | D:10     | Entered Level 10 of the Dungeon
  9718 | D:10     | Noticed Fannar
  9737 | D:10     | Killed Fannar
  9860 | D:10     | Noticed Erolcha
  9883 | D:10     | Cast into level 1 of the Abyss (Erolcha)
 10011 | D:10     | Escaped the Abyss
 10017 | D:10     | Killed Erolcha
 10074 | D:10     | Killed an unseen horror
 10171 | D:10     | Found a staircase to the Orcish Mines.
 10284 | D:10     | Reached ***** piety under Kikubaaqudgha
 10285 | D:10     | Reached skill level 10 in Spellcasting
 10418 | D:10     | Noticed a two-headed ogre
 10426 | D:10     | Killed a two-headed ogre
 10427 | D:10     | Reached skill level 12 in Necromancy
 10526 | D:10     | Noticed a two-headed ogre
 10530 | D:10     | Killed a two-headed ogre
 10902 | Orc:1    | Entered Level 1 of the Orcish Mines
 10922 | Orc:1    | Noticed an orc warlord
 11020 | D:10     | Killed an orc warlord
 11021 | D:10     | Reached XP level 12. HP: 35/66 MP: 0/28
 11026 | D:10     | Learned a level 4 spell: Fulminant Prism
 11296 | Orc:1    | Noticed Urug
 11314 | Orc:1    | Killed Urug
 11409 | Orc:1    | Noticed Erica
 11435 | Orc:1    | Killed Erica
 11819 | Orc:2    | Entered Level 2 of the Orcish Mines
 11819 | Orc:2    | Found a staircase to the Elven Halls.
 11819 | Orc:2    | Found Ruttapp's Antique Armour Shoppe.
 11981 | Orc:2    | Noticed Snorg
 12007 | Orc:1    | Slain by Snorg

Illustrated notes

Levels and vault maps discovered:
D:1:      zaba_arrival_water, layout_basic, minmay_misc_feat_enclosed
D:2:      lemuel_upstairs_altar, layout_basic, nicolae_ru_sacrificial_ziggurat,
          minmay_cupped, uniq_robin, uniq_jessica
D:3:      cheibrodos_fertilizer, layout_basic, lemuel_round_altar,
          lemuel_crystal_altar
D:4:      layout_basic, grunt_temple_overflow_open, gammafunk_ghost_split,
          portal_sewer_entry_e, wad_floor_pattern_untrapped, uniq_eustachio
D:5:      layout_gridville, minmay_temple_entry_ruins, wad_floor_pattern_2,
          kennysheep_generic_room_4
D:6:      layout_loops_ring, lemuel_doored_altar, kennysheep_mini_moat,
          grunt_gozag_statues, serial_shops, kennysheep_mini, bloody_trog
D:7:      layout_basic, lemuel_crystal_altar, nicolae_sextant,
          uniq_crazy_yiuf_cottage, uniq_pikel, uniq_harold
D:8:      minmay_opposing_rooms, layout_layer_cave, uniq_grum, uniq_maggie
D:9:      layout_rooms, lemuel_round_altar, special_room [special_room_orc],
          fedhas_bush_and_centaur_altar
D:10:     layout_roguey, orc_0_dummy, minivault_7, uniq_erolcha, uniq_fannar
Orc:1:    layout_caves, uniq_urug, uniq_erica
Orc:2:    grunt_orc_gardens, layout_caves, grunt_orc_garden, grunt_orc_garden,
          grunt_orc_garden, grunt_orc_garden, basic_altar, uniq_snorg

Skill      XL: |  1  2  3  4  5  6  7  8  9 10 11 12 |
---------------+-------------------------------------+-----
Necromancy     | 5 6 7 8 9 10 12 | 12.7
Spellcasting   | 4 5 6 7 9 10 | 10.9
Stealth        | 3 4 5 6 7 |  7.3
Short Blades   | 1 2 4 5 6 7 |  7.9
Dodging        | 3 4 6 7 8 |  8.2
Conjurations   | 1 3 4 5 7 8 |  8.5
Fighting       | 1 2 3 4 |  4.2
Armour         | 1 2 3 4 |  4.2
Evocations     | 1 |  1.6

Action                   |  1- 3 |  4- 6 |  7- 9 | 10-12 || total
-------------------------+-------+-------+-------+-------++-------
Melee: Unarmed           |     9 |    12 |       |       ||    21
       Dagger            |     5 |   199 |   330 |   700 ||  1234
 Cast: Pain              |    67 |    21 |       |       ||    88
       Vampiric Draining |     1 |    12 |    15 |    78 ||   106
       Magic Dart        |       |       |     2 |     1 ||     3
Evoke: Wand              |       |       |       |    11 ||    11
  Use: Scroll            |       |    10 |     4 |     7 ||    21
       Potion            |       |       |     3 |     8 ||    11
 Stab: Sleeping          |     3 |     7 |     6 |     8 ||    24
       Distracted        |       |     1 |       |     2 ||     3
Armor: Robe              |     2 |       |       |       ||     2
       Animal skin       |       |    56 |       |       ||    56
       Skin              |       |     1 |       |       ||     1
       Troll leather arm |       |     3 |    77 |   121 ||   201
Dodge: Dodged            |    17 |   152 |   202 |   446 ||   817

Table legend: (Time is in decaauts)
 A = Elapsed time spent in this place.
 B = Non-inter-level travel time spent in this place.
 C = Inter-level travel time spent in this place.
 D = Time resting spent in this place.
 E = Time spent auto-exploring this place.
 F = Levels seen in this place.
 G = Mean time per level.
                   A        B        C        D        E       F      G
               +--------+--------+--------+--------+--------+-----+--------+
         Total |  11667 |  11631 |     36 |   1554 |   6838 |  14 |  833.4 |
       Dungeon |  10602 |  10566 |     36 |   1301 |   6384 |  10 | 1060.2 |
  Orcish Mines |    777 |    777 |      0 |    239 |    302 |   2 |  388.5 |
         Abyss |    101 |    101 |      0 |     14 |     54 |   1 |  101.0 |
         Sewer |    186 |    186 |      0 |      0 |     97 |   1 |  186.0 |
               +--------+--------+--------+--------+--------+-----+--------+

Top non-repeatable levels by time:
     D:8: 1764 daAuts
     D:1: 1400 daAuts
    D:10: 1244 daAuts
     D:3: 1143 daAuts
     D:5: 874 daAuts
     D:2: 870 daAuts
     D:4: 865 daAuts
     D:9: 828 daAuts
     D:7: 825 daAuts
     D:6: 787 daAuts
   Orc:1: 736 daAuts
   Sewer: 186 daAuts
 Abyss:1: 101 daAuts
   Orc:2: 40 daAuts
